[Event "Titled Tuesday Blitz September 28 2021"]
[White "Krivonosov, Oleg"]
[Black "Gontcharov, Vladislav"]
[WhiteFideId "11600349"]
[BlackFideId "4123492"]
[WhiteElo "2469"]
[BlackElo "2503"]
[Result "1-0"]
[Round "11"]
[TimeControl "180+1"]
[Date "2021.09.28"]
[WhiteClock "0:00:10"]
[BlackClock "0:00:15"]

1. Nf3 Nf6 2. c4 g6 3. Nc3 Bg7 4. e4 d6 5. d4 O-O 6. Be2 Bg4 7. Be3 Nfd7 8. Ng1 Bxe2 9. Ngxe2 c5 10. O-O cxd4 11. Nxd4 Nc6 12. Qd2 Nxd4 13. Bxd4 Bxd4 14. Qxd4 Qb6 15. Qxb6 Nxb6 16. b3 Rfc8 17. f3 a5 18. Rac1 a4 19. Nd5 Nxd5 20. cxd5 axb3 21. axb3 Kf8 22. Rc4 Ke8 23. Rfc1 Rxc4 24. bxc4 Kd7 25. c5 dxc5 26. Rxc5 b6 27. Rc6 Rb8 28. Kf2 b5 29. Ke3 b4 30. Rc2 b3 31. Rb2 Kd6 32. Kd4 e6 33. e5+ Kd7 34. d6 Rb5 35. f4 Rb4+ 36. Kc5 Rxf4 37. Rxb3 Rf1 38. Rb7+ Kd8 39. g4 h5 40. gxh5 gxh5 41. h4 Rf2 42. Ra7 Rc2+ 43. Kd4 Rf2 44. Ke4 Rf1 45. Ra8+ Kd7 46. Rh8 f5+ 47. Kd4 Rd1+ 48. Ke3 Re1+ 49. Kf4 Re4+ 50. Kg5 Rxe5 51. Rxh5 Kxd6 52. Rh8 Re1 53. h5 Rg1+ 54. Kf6 f4 55. h6 f3 56. h7 f2 57. Rd8+ Kc5 58. h8=Q f1=Q+ 59. Ke7 Qa1 60. Rc8+ Kd5 61. Qd8+ Ke4 62. Rc4+ Kf3 63. Qd3+ Kg2 64. Rc2+ 1-0


[Site "https://www.chess.com"]

[Event "Titled Tuesday Blitz September 28 2021"]
[White "Krysa, Leandro"]
[Black "Saravana, Krishnan P."]
[WhiteFideId "116807"]
[BlackFideId "5018382"]
[WhiteElo "2490"]
[BlackElo "2245"]
[Result "1/2-1/2"]
[Round "11"]
[TimeControl "180+1"]
[Date "2021.09.28"]
[WhiteClock "0:00:12"]
[BlackClock "0:00:21"]

1. e4 e6 2. d4 d5 3. Nc3 Bb4 4. Ne2 dxe4 5. a3 Be7 6. Nxe4 Nf6 7. Nxf6+ Bxf6 8. Be3 b6 9. Qd2 Ba6 10. O-O-O O-O 11. Nf4 Bxf1 12. Rhxf1 Nc6 13. d5 exd5 14. Nxd5 Be5 15. f4 Bd6 16. Qc3 Ne7 17. Kb1 Nxd5 18. Rxd5 Qe7 19. Rf3 Rfe8 20. f5 f6 21. Bf4 Rad8 22. Re3 Qf7 23. Red3 Be5 24. Rxd8 Bxc3 25. R3d7 Qf8 26. Bxc7 Be5 27. Rxe8 Qxe8 28. Rd8 Qxd8 29. Bxd8 Bxh2 30. Be7 Kf7 31. Bb4 g6 32. fxg6+ hxg6 33. Kc1 Ke6 34. Kd2 Kd5 35. Kd3 b5 36. b3 Be5 37. c4+ bxc4+ 38. bxc4+ Kc6 39. Ke4 Bc7 40. g4 a5 41. Be7 Bd6 42. Bxd6 Kxd6 43. Kd4 Kc6 44. a4 f5 45. gxf5 gxf5 46. Ke5 Kc5 47. Kxf5 Kxc4 48. Ke4 Kb4 49. Kd3 Kxa4 50. Kc2 Ka3 51. Kb1 a4 52. Ka1 Kb3 53. Kb1 a3 54. Ka1 Kb4 55. Ka2 Ka4 56. Ka1 Kb4 57. Kb1 Kc4 58. Ka1 Kb4 1/2-1/2


[Site "https://www.chess.com"]

[Event "Titled Tuesday Blitz September 28 2021"]
[White "Krzywda, Andrzej"]
[Black "Coto Mederos, Michel"]
[WhiteFideId "1114565"]
[BlackFideId "3508528"]
[WhiteElo "2139"]
[BlackElo "2427"]
[Result "0-1"]
[Round "11"]
[TimeControl "180+1"]
[Date "2021.09.28"]
[WhiteClock "0:00:04"]
[BlackClock "0:00:15"]

1. e4 d5 2. exd5 Qxd5 3. Nf3 Nf6 4. Be2 Bf5 5. d4 c6 6. Nc3 Qa5 7. Bd2 e6 8. O-O Qc7 9. Ne5 Bd6 10. f4 Ne4 11. g4 Nxc3 12. bxc3 Be4 13. Bf3 Bxf3 14. Qxf3 Nd7 15. Nc4 O-O 16. Rab1 b5 17. Ne5 Rac8 18. Nd3 a6 19. Rf2 c5 20. Be3 cxd4 21. Bxd4 e5 22. fxe5 Nxe5 23. Qf5 Nxd3 24. cxd3 Bc5 25. Bxc5 Qxc5 26. Rb3 Qe3 27. c4 bxc4 28. dxc4 Qc1+ 29. Kg2 Qxc4 30. Rh3 h6 31. g5 Rc5 32. Qf4 Rxg5+ 33. Kh1 Qd5+ 34. Rhf3 f6 35. h4 Re5 36. Kh2 Re4 37. Qg3 Qd4 38. Rg2 Rxh4+ 39. Qxh4 Qxh4+ 40. Rh3 Qf4+ 41. Rhg3 g5 42. Kh3 Qh4# 0-1


[Site "https://www.chess.com"]

[Event "Titled Tuesday Blitz September 28 2021"]
[White "Kuegel, Tobias"]
[Black "Gabrielian, Artur"]
[WhiteFideId "4636295"]
[BlackFideId "4131002"]
[WhiteElo "2433"]
[BlackElo "2489"]
[Result "0-1"]
[Round "11"]
[TimeControl "180+1"]
[Date "2021.09.28"]
[WhiteClock "0:00:15"]
[BlackClock "0:01:29"]

1. e4 e5 2. Nf3 Nc6 3. Bb5 Nf6 4. O-O Nxe4 5. d4 Nd6 6. dxe5 Nxb5 7. a4 Nbd4 8. Nxd4 Nxd4 9. Qxd4 d5 10. exd6 Qxd6 11. Qe4+ Qe6 12. Qd4 Qd6 13. Qe4+ Be7 14. Re1 Be6 15. Qxb7 O-O 16. b3 Bf6 17. Ba3 c5 18. Ra2 Bd5 19. Qb5 Rac8 20. c4 Ba8 21. Rd2 Bd4 22. Bb2 Qg6 23. g3 a6 24. Qd7 Rcd8 25. Qc7 Rfe8 26. Rxe8+ Rxe8 27. Re2 Qxb1+ 0-1


[Site "https://www.chess.com"]

[Event "Titled Tuesday Blitz September 28 2021"]
[White "Le, Tuan Minh"]
[Black "Yeletsky, Ivan"]
[WhiteFideId "12401153"]
[BlackFideId "24180327"]
[WhiteElo "2450"]
[BlackElo "2344"]
[Result "1/2-1/2"]
[Round "11"]
[TimeControl "180+1"]
[Date "2021.09.28"]
[WhiteClock "0:00:04"]
[BlackClock "0:00:29"]

1. d4 Nf6 2. Nf3 d5 3. Bf4 e6 4. e3 Bd6 5. Nbd2 O-O 6. c3 b6 7. Bd3 Ba6 8. Bxa6 Nxa6 9. Qe2 Nb8 10. Bg5 Nbd7 11. O-O c5 12. a4 h6 13. Bh4 Qc7 14. Rfd1 Rfe8 15. Qa6 Ng4 16. Bg3 Bxg3 17. hxg3 e5 18. dxe5 Ndxe5 19. Nxe5 Qxe5 20. Nf3 Qh5 21. a5 Rab8 22. axb6 Rxb6 23. Qa4 Reb8 24. Qd7 Rxb2 25. Rxd5 Rb1+ 26. Rd1 Rxd1+ 27. Rxd1 Rb2 28. Rf1 a5 29. Qd8+ Kh7 30. Qxa5 Qd5 31. Qc7 Qa2 32. Qxc5 Nxf2 33. Qf5+ Kg8 34. Ng5 hxg5 35. Rxf2 Rxf2 36. Qxf2 Qa1+ 37. Kh2 Qxc3 38. e4 g6 39. Qf3 Qe5 40. Qg4 1/2-1/2


[Site "https://www.chess.com"]

[Event "Titled Tuesday Blitz September 28 2021"]
[White "Leitao, Rafael"]
[Black "Kovanova, Baira"]
[WhiteFideId "2101246"]
[BlackFideId "4164083"]
[WhiteElo "2609"]
[BlackElo "2187"]
[Result "1-0"]
[Round "11"]
[TimeControl "180+1"]
[Date "2021.09.28"]
[WhiteClock "0:01:01"]
[BlackClock "0:01:17"]

1. c4 e5 2. Nc3 Nf6 3. Nf3 Nc6 4. e4 Bc5 5. Nxe5 Nxe5 6. d4 Bd6 7. c5 Bxc5 8. dxe5 Ng8 9. Bc4 Ne7 10. O-O O-O 11. Bg5 h6 12. Bh4 Qe8 13. Qh5 Nc6 14. Bf6 gxf6 15. Qg6+ Kh8 16. Qxh6+ Kg8 17. exf6 1-0


[Site "https://www.chess.com"]

[Event "Titled Tuesday Blitz September 28 2021"]
[White "Maksimenko, Viktor"]
[Black "Sviridova, Vlada"]
[WhiteFideId "13710478"]
[BlackFideId "24109606"]
[WhiteElo "2269"]
[BlackElo "2101"]
[Result "0-1"]
[Round "11"]
[TimeControl "180+1"]
[Date "2021.09.28"]
[WhiteClock "0:00:03"]
[BlackClock "0:00:07"]

1. d4 d5 2. c4 c6 3. Nc3 Nf6 4. e3 e6 5. Nf3 Nbd7 6. Be2 Bd6 7. O-O O-O 8. b3 Re8 9. Bb2 b6 10. Qc2 Bb7 11. Rad1 Qe7 12. Rfe1 Bb4 13. Qc1 Ne4 14. Rf1 Ndf6 15. Nb1 Rac8 16. Ne5 c5 17. a3 Ba5 18. f3 Nd6 19. Rfe1 Bxe1 20. Rxe1 dxc4 21. bxc4 cxd4 22. exd4 Nf5 23. Bd3 Nh4 24. Bc3 a5 25. d5 exd5 26. Qf4 Ng6 27. Nxg6 Qc5+ 28. Bd4 Rxe1+ 29. Kf2 Qc7 30. Ne5 Rxe5 31. Bxe5 Qe7 32. Nc3 dxc4 33. Bc2 Re8 34. Bxf6 Qxf6 35. Qd2 Rd8 36. Qe1 Qd4+ 37. Kg3 g6 38. Be4 Bxe4 39. Nxe4 Kg7 40. h4 h5 41. Ng5 Qd6+ 42. Kh3 Qd7+ 43. Kh2 Qd6+ 44. Kh3 Qf4 45. Qe7 Qf6 46. Qc7 Rd4 47. Kg3 c3 48. Kf2 Rd2+ 49. Kg3 c2 50. Ne4 c1=Q 51. Qxc1 Qe5+ 52. Kh3 Ra2 53. Qc7 Qxc7 54. Nc3 Qd7+ 55. Kg3 Rc2 56. Ne4 f5 57. Ng5 Qd6+ 58. Kh3 f4 59. Ne4 Qe6+ 60. Kh2 Rc1 0-1


[Site "https://www.chess.com"]

[Event "Titled Tuesday Blitz September 28 2021"]
[White "Maltsevskaya, Aleksandra"]
[Black "Navalgund, Niranjan"]
[WhiteFideId "24174041"]
[BlackFideId "5030854"]
[WhiteElo "2239"]
[BlackElo "2290"]
[Result "1-0"]
[Round "11"]
[TimeControl "180+1"]
[Date "2021.09.28"]
[WhiteClock "0:00:30"]
[BlackClock "0:00:08"]

1. d4 Nf6 2. Nf3 e6 3. g3 g6 4. Bg2 Bg7 5. O-O O-O 6. c4 d5 7. Qc2 Nc6 8. Rd1 Ne7 9. b3 b6 10. Nc3 Bb7 11. Bg5 h6 12. Bxf6 Bxf6 13. e4 Bg7 14. exd5 exd5 15. Rac1 c6 16. Ne5 a6 17. cxd5 cxd5 18. h4 h5 19. Ne2 Bh6 20. Nf4 Bxf4 21. gxf4 Rc8 22. Qd3 Nf5 23. Bh3 Rxc1 24. Rxc1 Nxh4 25. Qg3 Re8 26. a4 Kg7 27. b4 a5 28. b5 Rh8 29. f5 g5 30. Nxf7 Kxf7 31. Rc7+ Kf8 32. Rxb7 g4 33. Rb8 Nf3+ 34. Kh1 Kg7 35. Rxd8 Rxd8 36. Bg2 Kf6 37. Bxf3 Rc8 38. Qe5+ Kg5 39. Bxd5 Kh4 40. Qf6+ Kh3 41. Bg2# 1-0


[Site "https://www.chess.com"]

[Event "Titled Tuesday Blitz September 28 2021"]
[White "Marcziter, Dmitrii"]
[Black "Matamoros Franco, Carlos S."]
[WhiteFideId "13900765"]
[BlackFideId "3600017"]
[WhiteElo "2155"]
[BlackElo "2554"]
[Result "0-1"]
[Round "11"]
[TimeControl "180+1"]
[Date "2021.09.28"]
[WhiteClock "0:00:49"]
[BlackClock "0:00:40"]

1. e4 e6 2. d3 c5 3. Nf3 Nc6 4. g3 g6 5. Bg2 Bg7 6. O-O Nge7 7. Re1 d6 8. h4 h6 9. c3 e5 10. a4 O-O 11. Na3 Be6 12. Be3 f5 13. Qd2 Kh7 14. b4 b6 15. Rab1 Qd7 16. b5 Na5 17. c4 Rad8 18. Nh2 Rf7 19. f4 Rdf8 20. Rf1 Ng8 21. h5 gxh5 22. exf5 Bxf5 23. fxe5 Bxe5 24. Rxf5 Rxf5 25. Be4 Kg7 26. Bxf5 Qxf5 27. Rf1 Qg6 28. Rxf8 Qxg3+ 29. Kh1 Kxf8 30. Bxh6+ Ke8 31. Be3 Nb3 32. Qf2 Qxf2 33. Bxf2 Nc1 34. Nf3 Nxd3 35. Bh4 Bf6 36. Bg3 Kd7 37. Nc2 Nb2 38. Ne3 Nxa4 39. Nd5 Nb2 40. Nd2 Be7 41. Kg2 Nf6 42. Nxe7 Kxe7 43. Bh4 Ke6 44. Kf3 Ng4 45. Kf4 Ne5 46. Kg5 Nbxc4 47. Ne4 Nf3+ 48. Kxh5 Nxh4 49. Kxh4 Na3 50. Nc3 d5 51. Kg4 d4 52. Ne4 Nxb5 53. Kf4 Kd5 54. Ng5 Kc4 55. Ke4 Nc3+ 56. Kf3 a5 57. Ne6 a4 58. Nf4 a3 59. Kf2 a2 60. Ne2 Nxe2 61. Kxe2 a1=Q 62. Kf3 Qc3+ 63. Kf4 Qe3+ 64. Kf5 d3 65. Kf6 d2 66. Kf7 d1=Q 67. Kf8 Qdd2 68. Kf7 Qdf2+ 69. Kg8 Qeg3+ 0-1


[Site "https://www.chess.com"]

[Event "Titled Tuesday Blitz September 28 2021"]
[White "Martins, Igor Carvalho Ribeiro"]
[Black "Araujo Filho, Luiz Antonio Coel"]
[WhiteFideId "2162962"]
[BlackFideId "2130661"]
[WhiteElo "2490"]
[BlackElo "2299"]
[Result "1-0"]
[Round "11"]
[TimeControl "180+1"]
[Date "2021.09.28"]
[WhiteClock "0:01:14"]
[BlackClock "0:00:43"]

1. Nf3 f5 2. g3 Nf6 3. Bg2 g6 4. O-O Bg7 5. d4 O-O 6. c3 d6 7. Qb3+ Kh8 8. Ng5 d5 9. c4 e6 10. Nc3 c6 11. Bf4 Ne4 12. Ngxe4 fxe4 13. Rad1 Nd7 14. f3 exf3 15. exf3 Nf6 16. Be5 Nh5 17. f4 Nf6 18. Rfe1 Ng4 19. Bxg7+ Kxg7 20. Qc2 Qf6 21. Qe2 Nh6 22. c5 Bd7 23. Qe5 b6 24. Na4 b5 25. Nc3 Qxe5 26. Rxe5 a5 27. Bh3 Nf5 28. Bxf5 exf5 29. Rde1 Rfe8 30. Kf2 Rf8 31. Nd1 Rfe8 32. Re7+ 1-0


[Site "https://www.chess.com"]

[Event "Titled Tuesday Blitz September 28 2021"]
[White "Matveeva, Olga"]
[Black "Odegov, Artem"]
[WhiteFideId "24107018"]
[BlackFideId "34183644"]
[WhiteElo "2108"]
[BlackElo "2257"]
[Result "0-1"]
[Round "11"]
[TimeControl "180+1"]
[Date "2021.09.28"]
[WhiteClock "0:00:01"]
[BlackClock "0:00:05"]

1. d4 Nf6 2. c4 c5 3. e3 g6 4. Nf3 Bg7 5. Nc3 O-O 6. Be2 cxd4 7. exd4 d5 8. O-O Nc6 9. Bg5 dxc4 10. Bxc4 Bg4 11. d5 Bxf3 12. Qxf3 Ne5 13. Qe2 Nxc4 14. Qxc4 Qb6 15. Rfe1 Rac8 16. Qe2 Rc7 17. Rad1 Rd7 18. h3 Rc8 19. Rd2 a6 20. Red1 Rcd8 21. Qf3 Qa5 22. Be3 b5 23. a3 b4 24. axb4 Qxb4 25. Qe2 a5 26. Qa6 Rd6 27. Qa7 R6d7 28. Qa6 Rd6 29. Qa7 Nd7 30. Qc7 Ne5 31. Bc5 Qb8 32. Bxd6 exd6 33. Qxb8 Rxb8 34. Ra1 Nc4 35. Re2 Rxb2 36. Re8+ Bf8 37. Ne4 Kg7 38. Rc1 Ne5 39. Rcc8 Rb1+ 40. Kh2 Re1 41. Ng5 Be7 42. Nf3 Nxf3+ 43. gxf3 Re2 44. Kg2 a4 45. Rc7 a3 46. Rcxe7 a2 47. Rxe2 a1=Q 48. R8e7 Qf6 49. R7e4 Qg5+ 50. Kh2 Qxd5 0-1


[Site "https://www.chess.com"]

[Event "Titled Tuesday Blitz September 28 2021"]
[White "Mekhitarian, Krikor Sevag"]
[Black "Kucuksari, Kaan"]
[WhiteFideId "2107660"]
[BlackFideId "6380166"]
[WhiteElo "2598"]
[BlackElo "2301"]
[Result "1-0"]
[Round "11"]
[TimeControl "180+1"]
[Date "2021.09.28"]
[WhiteClock "0:00:45"]
[BlackClock "0:00:03"]

1. e4 c6 2. Nf3 d5 3. d3 dxe4 4. dxe4 Qxd1+ 5. Kxd1 Nf6 6. Nfd2 g5 7. h3 g4 8. hxg4 Nxg4 9. Ke1 h5 10. Nb3 Na6 11. f3 Ne5 12. a3 Ng6 13. Nc3 e5 14. Be3 Be6 15. Bxa6 bxa6 16. Nc5 Bxc5 17. Bxc5 h4 18. Kf2 f6 19. Be3 Kf7 20. Na4 Rag8 21. Nc5 Bc8 22. Rad1 Ke7 23. Rd2 h3 24. g4 Rh7 25. Kg3 Rgh8 26. Rdh2 Nf8 27. Rxh3 Rxh3+ 28. Rxh3 Rxh3+ 29. Kxh3 Ne6 30. Nd3 Kf7 31. Bxa7 Ng5+ 32. Kg3 Ne6 33. Be3 Bd7 34. b3 Bc8 35. a4 Nd8 36. g5 fxg5 37. Bxg5 Ne6 38. Nxe5+ Kg7 39. Be3 Bb7 40. f4 c5 41. f5 Nd4 42. Bxd4 cxd4 43. Kf4 1-0


[Site "https://www.chess.com"]

[Event "Titled Tuesday Blitz September 28 2021"]
[White "Milchev, Nikolay"]
[Black "Martinez Lopez, David"]
[WhiteFideId "2906090"]
[BlackFideId "22235779"]
[WhiteElo "2449"]
[BlackElo "2391"]
[Result "1-0"]
[Round "11"]
[TimeControl "180+1"]
[Date "2021.09.28"]
[WhiteClock "0:01:23"]
[BlackClock "0:00:03"]

1. Nf3 Nf6 2. c4 g6 3. Nc3 Bg7 4. e4 d6 5. d4 O-O 6. h3 e5 7. dxe5 dxe5 8. Be3 c6 9. Be2 Qe7 10. O-O Na6 11. a3 Nc5 12. Qc2 Nh5 13. b4 Ne6 14. Rad1 Nef4 15. Rfe1 Nxe2+ 16. Nxe2 b6 17. c5 b5 18. Rd6 Qc7 19. Red1 Be6 20. Ng5 Bc4 21. Rd7 Qc8 22. R1d6 h6 23. Nf3 Be6 24. Re7 g5 25. Ng3 Nxg3 26. fxg3 Bf6 27. Rexe6 fxe6 28. Qb3 Re8 29. Bd2 Bg7 30. Bc3 Re7 31. Bxe5 Qe8 32. Bxg7 Kxg7 33. Ne5 Rc8 34. g4 Kh7 35. Qf3 Qh8 36. Nxc6 Rf8 37. Qd1 Ref7 38. e5 Rf1+ 39. Qxf1 Rxf1+ 40. Kxf1 Qf8+ 41. Kg1 Qf4 42. Rd7+ Kg6 43. Ne7+ Kf7 44. Nd5+ Ke8 45. Nxf4 Kxd7 46. Nd3 1-0


[Site "https://www.chess.com"]

[Event "Titled Tuesday Blitz September 28 2021"]
[White "Mirzanurov, Bulat"]
[Black "Pandey Srishti"]
[WhiteFideId "4184521"]
[BlackFideId "35093290"]
[WhiteElo "2180"]
[BlackElo "1816"]
[Result "1/2-1/2"]
[Round "11"]
[TimeControl "180+1"]
[Date "2021.09.28"]
[WhiteClock "0:00:16"]
[BlackClock "0:01:11"]

1. e4 e5 2. Nf3 Nc6 3. Bc4 Bc5 4. c3 Nf6 5. d3 d6 6. Nbd2 O-O 7. O-O h6 8. h3 a5 9. Bb3 Be6 10. Bc2 Re8 11. Re1 d5 12. exd5 Bxd5 13. Ba4 e4 14. dxe4 Nxe4 15. Nxe4 Bxe4 16. Qxd8 Raxd8 17. Bf4 Bb6 18. Rad1 Rxd1 19. Rxd1 g5 20. Bg3 Bxf3 21. gxf3 Re2 22. b3 Rxa2 23. Bb5 Rc2 24. Bc4 Rxc3 25. Rd7 Rxf3 26. Kg2 Rf6 27. Bxc7 Rxf2+ 28. Kg3 Be3 29. Rd3 Ba7 30. Bd6 h5 31. h4 g4 32. Rd5 Rf3+ 33. Kg2 Nb4 34. Rg5+ Kh7 35. Rxh5+ Kg6 36. Rg5+ Kf6 37. Bxb4 axb4 38. Rxg4 Rf2+ 39. Kg3 Rc2 40. Rf4+ Ke5 41. Rxf7 Bf2+ 42. Kf3 Bxh4 43. Rxb7 Kd4 44. Rxb4 Be1 45. Rb5 Rb2 46. Rd5+ Kc3 47. Re5 Bd2 48. Re2 Kb4 49. Ke4 Bc3 50. Rxb2 Bxb2 51. Kd3 Bg7 52. Bd5 Ba1 53. Bc4 Bh8 54. Ke4 Bg7 55. Kd3 Bf8 56. Ke4 Bc5 57. Kd3 Bb6 58. Ke4 Bc7 59. Kd3 Bb8 60. Ke4 Ba7 61. Kd3 Bc5 62. Ke4 Be7 63. Kd3 Bf6 64. Ke4 Bc3 65. Kd3 1/2-1/2


[Site "https://www.chess.com"]

[Event "Titled Tuesday Blitz September 28 2021"]
[White "Mirzoev, Azer"]
[Black "Avramidou, Anastasia"]
[WhiteFideId "13400304"]
[BlackFideId "4239873"]
[WhiteElo "2525"]
[BlackElo "2183"]
[Result "1/2-1/2"]
[Round "11"]
[TimeControl "180+1"]
[Date "2021.09.28"]
[WhiteClock "0:00:15"]
[BlackClock "0:00:21"]

1. c4 Nf6 2. Nc3 e6 3. e3 d5 4. d4 a6 5. c5 b6 6. cxb6 cxb6 7. Nf3 Bd6 8. Ne5 O-O 9. f4 b5 10. Bd3 Bb7 11. O-O Ne4 12. Nxe4 dxe4 13. Bc2 f6 14. Ng4 Nd7 15. Bb3 Qe7 16. f5 Bd5 17. Bd2 Nb6 18. Qe2 Nc4 19. Bc3 exf5 20. Rxf5 Be6 21. Rff1 Kh8 22. Rae1 f5 23. Ne5 Bxe5 24. dxe5 Bd5 25. Qf2 Rad8 26. Qg3 b4 27. Bd4 Nd2 28. Rf2 Nxb3 29. axb3 Bxb3 30. Ra1 Bc4 31. h4 Bb5 32. Rc1 Rf7 33. h5 Qe6 34. Qg5 Re8 35. Rfc2 h6 36. Qg6 Qxg6 37. hxg6 Rff8 38. Rc7 Re6 39. Rc8 Kg8 40. Rxf8+ Kxf8 41. Rc8+ Ke7 42. Rc7+ Bd7 43. Bc5+ Ke8 44. Bxb4 Rxg6 45. Ra7 Rb6 46. Bc3 g5 47. g3 h5 48. Ra8+ Kf7 49. Rh8 h4 50. gxh4 gxh4 51. Rxh4 Rg6+ 52. Kf2 Ke6 53. Rh7 Bb5 54. Rb7 Rg8 55. Rb6+ Kd5 56. e6 Re8 57. Bb4 Rxe6 58. Rxe6 Kxe6 59. Kg3 Ke5 60. Bc3+ Kd5 61. Kf4 Ke6 62. Kg5 Bd3 63. Kf4 Be2 64. Kg5 Bg4 65. Kf4 Kd5 66. Kg5 Kc4 67. Kf4 Kd3 68. Bf6 a5 69. Bg7 a4 70. Bf6 Ke2 71. Bg7 Bh3 72. Bf6 Bg4 73. Be5 Kd3 74. Bf6 Kc2 75. Be5 Kb3 76. Bf6 Kc4 77. Bg7 Kd5 78. Bh8 Bh3 79. Bg7 Bg4 80. Bh8 Kc4 1/2-1/2


[Site "https://www.chess.com"]

[Event "Titled Tuesday Blitz September 28 2021"]
[White "Moroni, Luca Jr"]
[Black "Kollars, Dmitrij"]
[WhiteFideId "865834"]
[BlackFideId "12909572"]
[WhiteElo "2491"]
[BlackElo "2584"]
[Result "1-0"]
[Round "11"]
[TimeControl "180+1"]
[Date "2021.09.28"]
[WhiteClock "0:00:04"]
[BlackClock "0:00:11"]

1. d4 Nf6 2. c4 b6 3. Nc3 Bb7 4. Qc2 g6 5. e4 Bg7 6. Nf3 O-O 7. Be2 e6 8. Bg5 h6 9. Bd2 d5 10. cxd5 exd5 11. e5 Ne4 12. Be3 c5 13. O-O Nc6 14. Rad1 cxd4 15. Nxd4 Nxc3 16. bxc3 Nxe5 17. f4 Nc4 18. Bxc4 dxc4 19. f5 Qh4 20. Rf4 Qe7 21. Bc1 Be5 22. fxg6 Bxf4 23. Bxf4 Qe4 24. Qxe4 Bxe4 25. Bxh6 Rfe8 26. gxf7+ Kxf7 27. Rf1+ Kg6 28. Bf4 Bd3 29. Rc1 a6 30. h4 Re4 31. g3 b5 32. a3 Rae8 33. Kf2 Kh5 34. Kf3 Kg6 35. g4 Re1 36. h5+ Kh7 37. Rxe1 Rxe1 38. g5 Rh1 39. g6+ Kg8 40. Kg4 a5 41. Kg5 b4 42. cxb4 axb4 43. axb4 c3 44. Nf3 Rf1 45. h6 Bxg6 46. Kxg6 Rh1 47. Ng5 c2 48. h7+ Kf8 49. b5 Ke7 50. b6 Rh4 51. b7 Rxf4 52. b8=Q c1=Q 53. Qb7+ Kd6 54. Qb6+ Kd5 55. Qe6+ Kd4 56. h8=Q+ Kd3 57. Qd8+ Kc2 58. Qc6+ Kb1 59. Qxc1+ Kxc1 60. Qc7+ 1-0


[Site "https://www.chess.com"]

[Event "Titled Tuesday Blitz September 28 2021"]
[White "Nakamura, Hikaru"]
[Black "Savchenko, Boris"]
[WhiteFideId "2016192"]
[BlackFideId "4147332"]
[WhiteElo "3205"]
[BlackElo "2857"]
[Result "0-1"]
[Round "11"]
[TimeControl "180+1"]
[Date "2021.09.28"]
[WhiteClock "0:00:07"]
[BlackClock "0:00:16"]

1. Nf3 d5 2. g3 Nf6 3. Bg2 Bf5 4. d3 e6 5. Nh4 Bg4 6. h3 Bh5 7. g4 Nfd7 8. Nf3 Bg6 9. Nbd2 c5 10. c4 Nc6 11. b3 d4 12. a3 a5 13. Ne4 Be7 14. Ng3 O-O 15. h4 f5 16. h5 Be8 17. gxf5 exf5 18. Bf4 Nf6 19. Qd2 Ng4 20. Nh2 Nce5 21. Bxb7 Rb8 22. Bd5+ Bf7 23. Bxf7+ Rxf7 24. f3 Bd6 25. fxg4 fxg4 26. Bg5 Nxd3+ 27. Qxd3 Qxg5 28. Nhf1 Re8 29. Ne4 Qf5 30. Nfd2 Bf4 31. Kd1 g3 32. Kc2 g2 33. Rhg1 Bxd2 34. Nxd2 Rxe2 35. Qxf5 Rxf5 36. Rae1 Ref2 37. Re4 R5f3 38. Kd1 Re3 39. Rxe3 dxe3 40. Nf3 Rxf3 41. Ke2 Rg3 42. b4 cxb4 43. axb4 axb4 44. c5 Kf7 45. c6 Ke7 0-1


[Site "https://www.chess.com"]

[Event "Titled Tuesday Blitz September 28 2021"]
[White "Noboa Silva, Kevin"]
[Black "Lehtosaari, Mauri"]
[WhiteFideId "3618471"]
[BlackFideId "501999"]
[WhiteElo "2161"]
[BlackElo "2437"]
[Result "1-0"]
[Round "11"]
[TimeControl "180+1"]
[Date "2021.09.28"]
[WhiteClock "0:00:36"]
[BlackClock "0:00:05"]

1. d4 d5 2. c4 c6 3. cxd5 cxd5 4. Bf4 Nf6 5. Nc3 Nc6 6. e3 a6 7. Bd3 e6 8. a3 Be7 9. h3 b5 10. Rc1 Bb7 11. Nf3 Na5 12. Ne5 Nc4 13. Qe2 O-O 14. O-O Rc8 15. Bb1 Nd6 16. f3 Qb6 17. Bg5 Rfd8 18. Qd3 g6 19. h4 Nf5 20. h5 Nxh5 21. Bxe7 Nxe7 22. g4 Nf6 23. Rc2 Nc6 24. Rh2 Nxe5 25. dxe5 Nd7 26. f4 Rc4 27. Ba2 Nc5 28. Qe2 Rxc3 29. bxc3 Ne4 30. Rc1 Qc5 31. Bb1 Qxa3 32. Qe1 Qf8 33. Qh4 h6 34. Qxh6 Qxh6 35. Rxh6 Ng3 36. Kf2 Ne4+ 37. Bxe4 dxe4 38. Ke2 Bd5 39. Rch1 Bc4+ 40. Ke1 Kf8 41. Rh8+ Ke7 42. Rxd8 Kxd8 43. Rh8+ Kc7 44. Rf8 a5 45. Rxf7+ Kb6 46. Kd2 a4 47. Rf6 a3 48. Kc1 Bd3 49. f5 gxf5 50. gxf5 Kc5 51. Rxe6 Kc4 52. Ra6 Kb3 53. e6 b4 54. Ra7 1-0


[Site "https://www.chess.com"]

[Event "Titled Tuesday Blitz September 28 2021"]
[White "Novikova, Galina"]
[Black "Vusatiuk, Vladimir"]
[WhiteFideId "4157095"]
[BlackFideId "14118610"]
[WhiteElo "1844"]
[BlackElo "2167"]
[Result "1-0"]
[Round "11"]
[TimeControl "180+1"]
[Date "2021.09.28"]
[WhiteClock "0:00:18"]
[BlackClock "0:00:07"]

1. e4 e6 2. Nf3 d5 3. e5 c5 4. b4 cxb4 5. a3 Nc6 6. axb4 Bxb4 7. c3 Be7 8. d4 a6 9. Bd3 Bd7 10. O-O b5 11. Nfd2 Na5 12. Qg4 g6 13. Ba3 h5 14. Qg3 Nc4 15. Bxg6 h4 16. Bxf7+ Kxf7 17. Qf3+ Kg7 18. Nxc4 bxc4 19. Qg4+ Kh6 20. Bc1+ Kh7 21. f4 Nh6 22. Qf3 Be8 23. f5 Nxf5 24. Nd2 Bg5 25. Qg4 Be3+ 26. Kh1 Qg5 27. Qe2 Kg7 28. Rxf5 exf5 29. Nf3 Qg4 30. Bxe3 h3 31. g3 Bh5 32. Rf1 Qxf3+ 33. Rxf3 Bxf3+ 34. Qxf3 Kg6 35. Qxd5 a5 36. Qe6+ Kg7 37. Qf6+ Kh7 38. Qxf5+ Kg7 39. Qf6+ Kh7 40. Qf7# 1-0


[Site "https://www.chess.com"]

[Event "Titled Tuesday Blitz September 28 2021"]
[White "Nozdrachev, Leonid"]
[Black "Pires, Marcos Vinicius Torsani"]
[WhiteFideId "24113433"]
[BlackFideId "2118939"]
[WhiteElo "2196"]
[BlackElo "2273"]
[Result "1-0"]
[Round "11"]
[TimeControl "180+1"]
[Date "2021.09.28"]
[WhiteClock "0:00:28"]
[BlackClock "0:00:14"]

1. e4 c5 2. c3 Nf6 3. e5 Nd5 4. Nf3 e6 5. d4 cxd4 6. cxd4 b6 7. Nc3 Nxc3 8. bxc3 Qc7 9. Bd2 Bb7 10. Be2 d6 11. O-O Nd7 12. exd6 Bxd6 13. Re1 O-O 14. h3 Rac8 15. Bd3 Nf6 16. Rc1 Bf4 17. Ne5 Bxd2 18. Qxd2 Rfd8 19. Qe3 Bd5 20. c4 Bb7 21. a3 Qd6 22. Red1 g6 23. Qf4 Kg7 24. Be2 Qxa3 25. Rd3 Qe7 26. Bf3 Bxf3 27. Rxf3 Rc7 28. g4 h6 29. h4 Rf8 30. g5 hxg5 31. hxg5 Nh5 32. Qg4 a5 33. Kf1 a4 34. Qe4 a3 35. Rxf7+ Rxf7 36. Qxg6+ Kf8 37. Qxh5 Ke8 38. g6 Rg7 39. c5 a2 40. Ra1 bxc5 41. Rxa2 Qd6 42. Qh8+ 1-0


[Site "https://www.chess.com"]

[Event "Titled Tuesday Blitz September 28 2021"]
[White "Oparin, Grigoriy"]
[Black "Perez Ponsa, Federico"]
[WhiteFideId "24125890"]
[BlackFideId "117927"]
[WhiteElo "2936"]
[BlackElo "2891"]
[Result "0-1"]
[Round "11"]
[TimeControl "180+1"]
[Date "2021.09.28"]
[WhiteClock "0:00:06"]
[BlackClock "0:00:56"]

1. Nf3 Nf6 2. g3 g6 3. Bg2 Bg7 4. c4 O-O 5. Nc3 c5 6. d4 cxd4 7. Nxd4 Nc6 8. O-O d6 9. Nxc6 bxc6 10. Bg5 Rb8 11. Qd2 Be6 12. b3 Qd7 13. Rfd1 Bh3 14. Bh1 Rfd8 15. Rac1 c5 16. Bxf6 Bxf6 17. Ne4 Bg7 18. Ng5 Bf5 19. Bd5 Rf8 20. Be4 Bh6 21. Bxf5 Qxf5 22. f4 Bxg5 23. fxg5 f6 24. gxf6 Rxf6 25. Rf1 Qe5 26. Rxf6 Qxf6 27. Rf1 Qe6 28. Qf4 Kg7 29. e4 Qf6 30. Qxf6+ exf6 31. Rd1 Rb6 32. Kf2 Kf7 33. Ke3 Ke6 34. Kd3 a5 35. Ke3 a4 36. Rd3 axb3 37. axb3 Ra6 38. h4 Ra1 39. Kf3 h5 40. Ke3 Rb1 41. Kf3 Rb2 42. Kf4 Rf2+ 43. Ke3 Rf1 44. Ke2 Ra1 45. Kf3 Re1 46. Kf4 Rf1+ 47. Ke3 g5 48. hxg5 fxg5 49. Rd5 g4 50. e5 Re1+ 51. Kf4 Rxe5 52. Rd2 Rf5+ 53. Ke4 Rf3 54. Rh2 Rxg3 55. Rxh5 Rxb3 56. Rh6+ Kd7 57. Rg6 g3 58. Kf5 Rc3 59. Ke4 Rxc4+ 60. Kd3 Ra4 61. Kc3 Kc6 62. Kb3 Rb4+ 63. Kc3 Rh4 64. Rxg3 d5 65. Rg8 Rh3+ 66. Kc2 Kb5 67. Rg4 d4 68. Rg1 Kc4 69. Kd1 Rh2 70. Rg3 Ra2 71. Rh3 d3 72. Rh5 Kd4 73. Kc1 c4 74. Kb1 Rg2 75. Rh1 Kc3 76. Rc1+ Kb3 77. Rd1 Rb2+ 78. Ka1 d2 79. Rh1 c3 0-1


[Site "https://www.chess.com"]